 Dungeon Crawl Stone Soup version 0.29.1-1-gd02db6906a (webtiles) character file.

Game seed: 8012574978747658599

4680 inmateoo the Grappler (level 10, 0/80 HPs)
             Began as a Barachi Fighter on Sept 22, 2022.
             Was a Believer of Cheibriados.
             Succumbed to a hornet's poison
             ... on level 9 of the Dungeon.
             The game lasted 00:08:40 (10214 turns).

inmateoo the Grappler (Barachi Fighter)            Turns: 10214, Time: 00:08:40

Health: 0/80       AC: 14    Str: 22    XL:     10   Next: 44%
Magic:  14/14      EV: 13    Int: 16    God:    Cheibriados [**....]
Gold:   565        SH:  7    Dex: 19    Spells: 14/14 levels left

rFire   . . .      SeeInvis .     - Unarmed
rCold   . . .      Faith    .   b - +0 buckler
rNeg    . . .      Spirit   .   C - +2 scale mail {rPois}
rPois   +          Reflect  .   w - +0 helmet
rElec   .          Harm     .   x - +0 cloak
rCorr   .          Rampage  .   k - +0 pair of gloves
Will    .....                   (no boots)
Stlth   ..........              o - amulet of magic regeneration
HPRegen 0.23/turn               e - ring of wizardry
MPRegen 0.54/turn               (no ring)

@: lethally poisoned (0 -> -1), unable to hop, very slow
A: amphibious, slowness 1, strong legs 1, +LOS
a: Hop, Renounce Religion, Bend Time


You were on level 9 of the Dungeon.
You worshipped Cheibriados.
Cheibriados was pleased with you.
You visited 2 branches of the dungeon, and saw 10 of its levels.

You collected 773 gold pieces.
You spent 208 gold pieces at shops.

Inventory:

Hand Weapons
 a - the +5 whip "Ysism" {vorpal, rC++ Int-2}
   (You found it on level 5 of the Dungeon)

   It inflicts extra damage upon your enemies.
   Int:       It affects your intelligence (-2).
   rC:        It greatly protects you from cold.
Missiles
 n - a throwing net
Armour
 b - a +0 buckler (worn)
 k - a +0 pair of gloves (worn)
 w - a +0 helmet (worn)
 x - a +0 cloak (worn)
 C - a +2 scale mail of poison resistance (worn)
Jewellery
 e - a ring of wizardry (left hand)
 i - a ring of resist corrosion
 o - an amulet of magic regeneration (around neck)
Wands
 q - a wand of charming (10)
 r - a wand of flame (25)
 t - a wand of roots (10)
Scrolls
 d - a scroll of enchant armour
 f - 5 scrolls of identify
 h - a scroll of fear
 j - 3 scrolls of amnesia
 y - 4 scrolls of teleportation
 z - 3 scrolls of magic mapping
Potions
 c - 2 potions of might
 g - 2 potions of curing
 l - a potion of mutation
 m - a potion of flight
 p - a potion of degeneration {unknown}
 u - 4 potions of cancellation
 D - a potion of brilliance
 F - a potion of invisibility


   Skills:
 + Level 7.7 Fighting
 + Level 7.7 Armour
 + Level 6.0 Dodging
 * Level 7.9 Shields
 * Level 9.2 Unarmed Combat
 + Level 2.9 Spellcasting
 + Level 2.6 Invocations


You had 14 spell levels left.
You didn't know any spells.
Your spell library contained the following spells:

 Spells                   Type           Power      Damage    Failure   Level
 Scorch                   Fire           4%         2d5       32%         2
 Flame Wave               Conj/Fire      2%         2d4       89%         4
 Summon Cactus Giant      Summ           1%         N/A       100%        6


Dungeon Overview and Level Annotations

Branches:
Dungeon (9/15)             Temple (1/1) D:6
   Lair: D:8-11         Orc: D:9-12

Altars:
Ashenzari
Cheibriados
Dithmenos
Fedhas
Gozag
Hepliaklqana
Kikubaaqudgha
Makhleb
Nemelex Xobeh
Okawaru
Ru
Sif Muna
Trog
Uskayaw
Vehumet
Wu Jian
Xom
The Shining One

Shops:
D:4 *


Innate Abilities, Weirdness & Mutations

You are amphibious.
You cover ground slowly.
You can hop short distances.
You have an extended range of vision and can be seen from far away.


Message History

You block the hornet's attack.
You closely miss the hornet.
The hornet is almost dead.
The grasping roots constrict the wyvern!
You feel sick.
The roots release their grip on the wyvern.
The hornet stings you!
You suddenly lose the ability to move!
The hornet stings you!
You feel as though you will be slow longer.
You can move again.
You hit the hornet.
You kill the hornet!
Cheibriados thoroughly appreciates the change of pace.
You feel sick. You block the wyvern's attack.
You barely miss the wyvern.
The wyvern is severely wounded.
You feel sick. The wyvern bites you.
* * * LOW HITPOINT WARNING * * *
You block the wyvern's attack.
You punch the wyvern!
You kill the wyvern!
Cheibriados thoroughly appreciates the change of pace.
You feel sick.
The shadow strikes at you from the darkness!
* * * LOW HITPOINT WARNING * * *
Reactivating autopickup.
Your Dodging skill increases to level 6!
You hit the shadow.
The shadow is almost destroyed.
The shadow hits you.
* * * LOW HITPOINT WARNING * * *
You completely miss the shadow.
The shadow is almost destroyed.
You feel yourself speed up.
You feel sick. The shadow hits you!
* * * LOW HITPOINT WARNING * * *
You hit the shadow.
You destroy the shadow!
Cheibriados appreciates the change of pace.
You die...

##..≈≈≈≈≈...#'#..≈≈≈≈≈≈
#..≈≈≈≈≈........≈≈≈≈≈≈
#.#≈≈≈≈≈≈......≈≈≈≈≈≈≈
#.#≈≈≈≈≈≈≈≈..≈≈≈≈≈≈≈≈≈
# ##≈≈≈≈≈≈≈≈≈≈≈≈≈≈≈≈≈≈
#.###.#≈≈≈≈≈≈≈≈≈≈≈≈≈≈≈
....#...≈≈≈≈≈≈≈≈#.#.
##..#...###≈≈≈≈##...
##@#...# .....# #.
#.#...# ....## ♣♣.#...#
##.# ♣♣......# ....#
♣♣.†.....#.....#
..♣...≈~≈...#+###
≈.....≈≈~≈≈......#
~~.....~~♣~~......#
≈≈.....≈≈~≈≈......#


There were no monsters in sight!

Vanquished Creatures
  A two-headed ogre (D:8)
  A hornet (D:9)
  Prince Ribbit (D:5)
  Sigmund (D:3)
  A shadow (D:9)
  A wyvern (D:9)
  An acid dragon (D:6)
  2 water moccasins (D:4)
  2 sky beasts (D:8)
  3 ogres
  An ice beast (D:7)
  8 centaurs
  2 phantoms
  A kobold brigand (D:8)
  3 bullfrogs
  2 gnoll sergeants (D:8)
  A necrophage (D:7)
  4 scorpions
  4 killer bees (D:8)
  2 howler monkeys
  3 hounds (D:4)
  A gnoll bouda (D:4)
  5 orc priests
  2 jellies
  Ijyb (D:3)
  Natasha (twice) (D:3)
  8 orc wizards
  8 gnolls
  11 adders
  A shadow imp (D:6)
  A white imp (D:7)
  2 ufetubi (D:6)
  2 worms (D:2)
  2 dart slugs
  25 orcs
  7 ball pythons
  An endoplasm (D:4)
  A giant cockroach (D:4)
  12 goblins
  6 hobgoblins
  4 quokkas
  4 bats
  3 frilled lizards
  9 kobolds
  3 rats
166 creatures vanquished.

Notes
Turn   | Place    | Note
-------+----------+-------------------------------------------
     0 | D:1      | inmateoo the Barachi Fighter began the quest for the Orb.
     0 | D:1      | Reached XP level 1. HP: 18/18 MP: 1/1
   324 | D:1      | Reached XP level 2. HP: 19/25 MP: 2/2
   786 | D:2      | Reached XP level 3. HP: 21/30 MP: 3/3
   864 | D:2      | Identified the +5 flail of the Fulmar {speed, *Noise rF+
                  | SInv}
   896 | D:2      | Reached skill level 1 in Dodging
   936 | D:2      | Reached skill level 3 in Unarmed Combat
  1214 | D:2      | Reached XP level 4. HP: 36/37 MP: 4/4
  1719 | D:3      | Found an ornate altar of the Wu Jian Council.
  1719 | D:3      | Noticed Natasha
  1729 | D:3      | Killed Natasha
  1730 | D:3      | Reached XP level 5. HP: 28/42 MP: 5/5
  1890 | D:3      | Reached skill level 4 in Unarmed Combat
  2099 | D:3      | Noticed Natasha
  2110 | D:3      | Killed Natasha
  2143 | D:3      | Reached XP level 6. HP: 49/49 MP: 6/6
  2159 | D:3      | Noticed Sigmund
  2190 | D:3      | Killed Sigmund
  2505 | D:3      | Found an ancient bone altar of Kikubaaqudgha.
  2551 | D:3      | Noticed Ijyb
  2565 | D:3      | Killed Ijyb
  2566 | D:3      | Reached skill level 5 in Armour
  2566 | D:3      | Reached skill level 5 in Unarmed Combat
  3013 | D:3      | Found a shimmering altar of Xom.
  3054 | D:3      | Found a sacrificial altar of Ru.
  3331 | D:4      | Found Xitedgh's Serpentskin Sales.
  3331 | D:4      | Noticed a water moccasin
  3332 | D:4      | Noticed a water moccasin
  3337 | D:4      | Killed a water moccasin
  3338 | D:4      | Reached skill level 5 in Fighting
  3338 | D:4      | Reached XP level 7. HP: 43/56 MP: 7/7
  3941 | D:4      | Reached skill level 5 in Shields
  3941 | D:4      | Reached skill level 6 in Unarmed Combat
  4140 | D:4      | Reached XP level 8. HP: 62/63 MP: 8/8
  4477 | D:4      | Found a blossoming altar of Fedhas.
  4583 | D:4      | Bought a +1 scale mail of poison resistance for 156 gold
                  | pieces
  4607 | D:5      | Entered Level 5 of the Dungeon
  4626 | D:5      | Noticed Prince Ribbit
  4650 | D:5      | Killed Prince Ribbit
  4651 | D:5      | Reached skill level 7 in Unarmed Combat
  4695 | D:5      | Found a broken altar of Ashenzari.
  4715 | D:5      | Identified the +5 whip "Ysism" {vorpal, rC++ Int-2}
  5274 | D:5      | Found Buxtuw's CLEARANCE SALE!.
  5288 | D:5      | Bought a scroll of identify for 6 gold pieces
  5288 | D:5      | Bought a potion of heal wounds for 15 gold pieces
  5288 | D:5      | Bought a scroll of teleportation for 9 gold pieces
  5288 | D:5      | Bought a scroll of magic mapping for 22 gold pieces
  5685 | D:6      | Found an iron altar of Okawaru.
  5834 | D:6      | Reached XP level 9. HP: 59/71 MP: 9/9
  5913 | D:6      | Found a snail-covered altar of Cheibriados.
  5933 | D:6      | Found a staircase to the Ecumenical Temple.
  5961 | Temple   | Entered the Ecumenical Temple
  6200 | D:6      | Became a worshipper of Cheibriados the Contemplative
  7128 | D:7      | Reached skill level 5 in Dodging
  7234 | D:7      | Reached skill level 8 in Unarmed Combat
  7234 | D:7      | Reached skill level 1 in Spellcasting
  7245 | D:7      | Reached * piety under Cheibriados
  7250 | D:7      | Reached skill level 1 in Invocations
  7589 | D:8      | HP: 2/71 [gnoll sergeant/+3 vorpal spear (9)]
  8955 | D:8      | Noticed a two-headed ogre
  8971 | D:8      | Killed a two-headed ogre
  8972 | D:8      | Reached XP level 10. HP: 30/79 MP: 11/13
  9343 | D:8      | Reached ** piety under Cheibriados
 10032 | D:9      | Reached skill level 9 in Unarmed Combat
 10208 | D:9      | Paralysed by a hornet for 1 turns
 10213 | D:9      | HP: 1/80 [shadow (7)]
 10214 | D:9      | Succumbed to a hornet's poison

Illustrated notes

Levels and vault maps discovered:
D:1:      dpeg_arrival_round_b, layout_rooms
D:2:      layout_loops_ring, kennysheep_generic_room_9
D:3:      layout_loops_ring, nzn_wu_jian_contemplation,
          mainiacjoe_overflow_alcove_1, mainiacjoe_overflow_alcove_4,
          mainiacjoe_overflow_tiny_flanked, minmay_misc_feat_cross,
          minmay_misc_feat_chi, uniq_ijyb, uniq_natasha, uniq_sigmund
D:4:      minmay_polygon_palace, layout_basic, fedhas_altar_fruit_tree,
          guppyfry_shop_venom
D:5:      layout_basic, ashenzari_altar_1, minmay_liquid_box,
          nicolae_shop_clearance, uniq_prince_ribbit1
D:6:      layout_loops_ring, kennysheep_okawaru_gauntlet,
          mainiacjoe_overflow_24_doors, minmay_temple_entry_drinking_statues,
          feat_on_display
D:7:      layout_rooms
D:8:      layout_loops_corners, minmay_large_rounded_square
D:9:      layout_stronghold, dk_yredelemnul_ordeal, elyvilon_altar_3,
          minmay_orc_entry_guard_dogs, centaur_isle
Temple:   jpeg_temple_alley_garden

Skill      XL: |  1  2  3  4  5  6  7  8  9 10 |
---------------+-------------------------------+-----
Dodging        | 1 2 3 4 5 6 |  6.0
Unarmed Combat | 3 4 5 6 7 8 9 |  9.2
Armour         | 4 5 6 7 |  7.7
Fighting       | 4 5 6 7 |  7.7
Shields        | 4 5 6 7 |  7.9
Spellcasting   | 2 |  2.9
Invocations    | 2 |  2.6

Action                   |  1- 3 |  4- 6 |  7- 9 | 10-12 || total
-------------------------+-------+-------+-------+-------++-------
Melee: Unarmed           |    87 |       |   199 |   115 ||   401
       Flail             |    19 |   114 |   164 |       ||   297
       Whip              |       |       |    20 |       ||    20
 Abil: Hop               |       |       |     2 |     1 ||     3
Evoke: Wand              |       |     1 |     5 |     1 ||     7
  Use: Potion            |       |       |     2 |       ||     2
       Scroll            |       |       |    17 |       ||    17
Armor: Scale mail        |    53 |    44 |   184 |    83 ||   364
Dodge: Dodged            |    72 |    49 |   198 |   128 ||   447
Block: Buckler           |    18 |    15 |   114 |    55 ||   202
